Map: Scythe of Amon

Players

MattBarry

  • Race: Protoss Protoss
  • Spawn Location: 5:00

Alebay

  • Race: Protoss Protoss
  • Spawn Location: 5:00

VOD

Have the link to the VOD?

Description

Time

  • Played on: Jan. 5, 2023, 12:41 a.m.
  • Length: 18:13
Show
View Real Time Build Order
Export as new Build Order

MattBarry Protoss 

Build Orders:  

Get SALT Encoding   

  12  0:13  Probe (Chrono Boost)  
  13  0:27  Probe (Chrono Boost)  
  14  0:41  Probe (Chrono Boost)  
  15  1:16  Pylon  
  15  1:22  Pylon  
  15  1:41  Assimilator, Probe (Chrono Boost)  
  15  1:49  Gateway  
  16  1:53  Gateway  
  16  1:54  Probe (Chrono Boost)  
  17  2:04  Forge  
  17  2:08  Probe (Chrono Boost)  
  18  2:22  Probe (Chrono Boost)  
  19  3:01  Cybernetics Core  
  19  3:17  Probe (Chrono Boost)  
  20  3:26  Supplicant x2  
  20  3:27  Supplicant x2  
  28  3:31  Probe (Chrono Boost)  
  29  3:44  Photon Cannon  
  29  3:49  Pylon  
  29  3:58  Warp Gate  
  29  4:03  Supplicant x2  
  29  4:06  Probe (Chrono Boost)  
  30  4:14  Supplicant x2  
  38  4:50  Pylon  
  38  4:59  Pylon  
  38  5:21  Death Council  
  38  5:29  Protoss Air Weapons Level 1, Protoss Ground Weapons Level 1  
  38  5:34  Forge  
  38  5:41  Pylon  
  38  5:43  Probe (Chrono Boost)  
  39  5:52  Assimilator  
  39  6:07  Supplicant x2  
  43  6:19  Supplicant x2  
  47  7:10  Gateway  
  47  7:25  Gateway  
  47  7:37  Robotics Facility  
  47  7:38  Cloaking Module  
  47  7:48  Havoc  
  48  7:56  Probe (Chrono Boost)  
  49  8:10  Probe (Chrono Boost)  
  50  8:24  Probe (Chrono Boost)  
  51  8:32  Blood Shields  
  51  9:23  Pylon  
  51  9:31  Pylon  
  51  9:34  Pylon  
  51  9:35  Supplicant x2  
  51  9:36  Supplicant x4  
  61  10:39  Protoss Air Weapons Level 2, Protoss Ground Weapons Level 2  
  61  10:44  Protoss Shields Level 1  
  58  11:29  Pylon  
  58  11:35  Pylon  
  58  11:47  Nexus  
  58  13:40  Probe (Chrono Boost)  
  59  13:53  Probe (Chrono Boost)  
  60  14:07  Probe (Chrono Boost)  
  61  14:21  Probe (Chrono Boost)  
  62  14:35  Probe (Chrono Boost)  
  63  14:59  Probe (Chrono Boost)  
  64  15:03  Assimilator  
  64  15:06  Assimilator  
  64  15:11  Pylon  
  64  15:13  Probe (Chrono Boost)  
  64  15:15  Pylon  
  65  15:26  Probe x2 (Chrono Boost)  
  67  15:35  Supplicant x4  
  67  15:36  Supplicant x2  
  79  15:40  Probe x2 (Chrono Boost)  
  81  15:54  Probe x2 (Chrono Boost)  
  83  16:00  Supplicant x2  
  83  16:01  Supplicant x4  
  83  16:03  Supplicant x2  
  83  16:08  Probe x2 (Chrono Boost)  
  101  16:22  Probe x2 (Chrono Boost)  
Show
View Real Time Build Order
Export as new Build Order

Alebay Protoss 

Build Orders:  

Get SALT Encoding   

  12  0:02  Probe (Chrono Boost)  
  13  0:16  Probe (Chrono Boost)  
  14  0:27  Pylon  
  14  0:30  Probe (Chrono Boost)  
  15  0:41  Assimilator  
  15  0:51  Probe (Chrono Boost)  
  16  1:05  Probe (Chrono Boost)  
  17  1:10  Gateway  
  17  1:19  Probe (Chrono Boost)  
  18  1:29  Forge  
  18  1:33  Probe (Chrono Boost)  
  19  1:44  Pylon  
  19  1:47  Probe (Chrono Boost)  
  20  2:01  Probe (Chrono Boost)  
  21  2:15  Probe (Chrono Boost)  
  21  2:19  Cybernetics Core  
  22  2:22  Assimilator  
  22  2:29  Probe (Chrono Boost)  
  22  2:34  Legionnaire  
  26  2:43  Probe (Chrono Boost)  
  27  2:56  Protoss Ground Weapons Level 1  
  27  2:57  Probe (Chrono Boost)  
  28  3:10  Warp Gate  
  28  3:11  Probe (Chrono Boost)  
  29  3:25  Pylon  
  29  3:33  Probe (Chrono Boost)  
  30  3:46  Kaldalis' A.I. Personality  
  33  4:22  Legionnaire  
  33  4:26  Talis' A.I. Personality  
  36  4:38  Pylon  
  36  4:40  Pylon  
  36  5:04  Adept  
  38  5:27  Gateway  
  38  5:31  Legionnaire, Gateway  
  38  5:36  Protoss Ground Armor Level 1  
  41  6:26  Adept  
  43  6:58  Adept x3  
  49  7:15  Twilight Council  
  49  7:26  Pylon  
  49  7:28  Pylon  
  49  7:31  Pylon  
  49  7:32  Legionnaire  
  49  7:33  Legionnaire  
  55  8:27  Legionnaire  
  55  8:28  Legionnaire x2  
  61  8:46  Charge  
  61  8:53  Legionnaire x3  
  70  9:05  Pylon  
  70  9:07  Pylon  
  70  9:09  Pylon  
  70  9:46  Psionic Projection  
  57  10:14  Legionnaire x3  
  58  10:46  Empowered Blades  
  58  10:53  Legionnaire  
  58  10:54  Legionnaire x2  
  54  11:36  Legionnaire x3  
  57  11:43  Protoss Ground Weapons Level 2  
  57  11:46  Debilitation System  
  54  11:53  Probe (Chrono Boost)  
  55  12:09  Probe (Chrono Boost)  
  56  12:24  Nexus  
  56  12:36  Robotics Facility  
  56  12:46  Pylon  
  56  12:52  Pylon  
  56  13:11  Legionnaire  
  56  13:14  Adept  
  40  13:49  Adept x3  
  46  13:55  Probe (Chrono Boost)  
  47  14:07  Probe (Chrono Boost)  
  47  14:09  Probe (Chrono Boost)  
  49  14:21  Probe (Chrono Boost)  
  49  14:23  Probe (Chrono Boost)  
  51  14:35  Probe (Chrono Boost)  
  51  14:37  Probe (Chrono Boost)  
  53  14:49  Probe (Chrono Boost)  
  54  14:51  Probe (Chrono Boost)  
  54  14:53  Protoss Ground Armor Level 2  
  54  14:59  Assimilator  
  55  15:03  Probe (Chrono Boost)  
  55  15:04  Assimilator, Probe (Chrono Boost)  
  55  15:08  Legionnaire x3  
  66  15:31  Legionnaire x2  
  66  15:35  Legionnaire  
  75  15:40  Probe x2 (Chrono Boost)  
  77  15:54  Probe (Chrono Boost)  
  77  15:55  Legionnaire  
  77  15:59  Legionnaire  
  84  16:08  Legionnaire  
  65  17:03  Legionnaire x3  
  58  17:22  Gateway  
  58  17:25  Gateway  
  58  17:27  Legionnaire  
  58  17:28  Legionnaire x2  
Tags
 
Commander
AlarakFenix
Matchup
Co-op
Replay Pack
Multiplayer
Add a new tag
Caveats
  • Supply blocks, unpowered buildings, or Contaminate may cause inaccurate times.
  • Supply counts are checked every 10 seconds.